 Dungeon Crawl Stone Soup version 0.23.2-1-ga50397a (webtiles) character file.

Game seed: 9258368572480157622

47534 MajorAdolf the Unseen (level 14, -2/139 HPs)
             Began as a Naga Wanderer on Apr 21, 2019.
             Was an Initiate of Gozag.
             Slain by an orc warrior
             ... wielding a +2 glaive of venom
             ... led by an orc knight
              (29 damage)
             ... on level 1 of the Orcish Mines on Apr 22, 2019.
             The game lasted 01:21:35 (21200 turns).

MajorAdolf the Unseen (Naga Wanderer)              Turns: 21200, Time: 01:21:36

Health: -2/139     AC: 14    Str: 31    XL:     14   Next: 42%
Magic:  18/18      EV:  9    Int: 10    God:    Gozag
Gold:   684        SH: 17    Dex: 12    Spells: 13/13 levels left

rFire    . . .     SeeInvis +   E - +9 hand axe "Oreps" {venom, Str+7}
rCold    . . .     Gourm    .   k - +5 shield "Ynwot" {rN+ Slay+2 Stlth+}
rNeg     + . .     Faith    .   M - +2 robe {MR+}
rPois    +         Spirit   .   n - +1 helmet
rElec    .         Reflect  .   J - +1 cloak {MR+}
rCorr    .         Harm     .   H - +0 pair of gloves
MR       +++..                  (no barding)
Stlth    ++++++++..             h - amulet of the acrobat
HPRegen  0.33/turn              Q - +3 ring of strength
MPRegen  0.16/turn              r - +1 ring of protection

@: gold aura, very slow
A: large, see invisible, deformed body, poison resistance, slowness 2, slow
metabolism 1, spit poison 1, constrict 1, AC +4
a: Spit Poison, Potion Petition, Call Merchant, Bribe Branch, Renounce Religion


You were on level 1 of the Orcish Mines.
You worshipped Gozag.
Gozag was pleased with you.
You were very hungry.

You visited 4 branches of the dungeon, and saw 19 of its levels.
You also visited: Bailey.

You collected 1312 gold pieces.
You spent 224 gold pieces at shops.
You paid 404 gold pieces to Gozag.

Inventory:

Hand Weapons
 v - the +3 hand axe of Eternity {antimagic, MP-9 Str+5}
   (You found it on level 5 of the Dungeon)

   It reduces the magical energy of the wielder, and disrupts the spells and
   magical abilities of those hit.
   Natural abilities and divine invocations are not affected.
   It affects your strength (+5).
   It affects your magic capacity (-9).
 E - the +9 hand axe "Oreps" (weapon) {venom, Str+7}
   (You bought it in a shop on level 4 of the Dungeon)

   It poisons the flesh of those it strikes.
   It affects your strength (+7).
Armour
 k - the +5 shield "Ynwot" (worn) {rN+ Slay+2 Stlth+}
   (You found it in a bailey)

   It affects your accuracy and damage with ranged weapons and melee attacks
   (+2).
   It protects you from negative energy.
   It makes you more stealthy.
 n - a +1 helmet (worn)
 H - a +0 pair of gloves (worn)
 J - a +1 cloak of magic resistance (worn)
 M - a +2 robe of magic resistance (worn)
 N - +1 ice dragon scales
 R - a +2 robe of cold resistance
Jewellery
 h - an amulet of the acrobat (around neck)
 i - an uncursed ring of see invisible
 l - an uncursed ring of flight
 r - a +1 ring of protection (right hand)
 A - an uncursed amulet of rage
 O - an uncursed ring of resist corrosion
 Q - a +3 ring of strength (left hand)
Wands
 a - a wand of iceblast (5)
 c - a wand of disintegration (16)
 t - a wand of paralysis (13)
 F - a wand of polymorph (6)
 P - a wand of digging (4)
 V - a wand of random effects (23)
 W - a wand of flame (42)
 Y - a wand of enslavement (10)
Scrolls
 e - 7 scrolls of identify
 o - 5 scrolls of enchant weapon
 x - 3 scrolls of enchant armour
 y - 3 scrolls of amnesia
 B - 5 scrolls of remove curse
 C - 3 scrolls of teleportation
 G - 3 scrolls of fog
 I - 2 scrolls of immolation
 S - a scroll of vulnerability {unknown}
 X - a scroll of acquirement {unknown}
 Z - a scroll of summoning {unknown}
Potions
 d - a potion of cancellation
 g - 6 potions of curing
 j - 4 potions of mutation
 m - 8 potions of degeneration
 p - 3 potions of brilliance
 q - 2 potions of flight
 s - 2 potions of lignification
 w - 2 potions of might
 z - a potion of agility
 K - a potion of berserk rage {unknown}
 L - a potion of heal wounds {unknown}
Miscellaneous
 b - a phantom mirror
 T - a crystal ball of energy
Comestibles
 f - 27 rations


   Skills:
 + Level 12.8 Fighting
 + Level 11.8(11.9) Axes
   Level 1.0(7.7) Maces & Flails
 - Level 1.5 Armour
 + Level 18.2 Stealth
 - Level 9.0 Shields
   Level 2.0 Necromancy
   Level 1.0 Translocations
 * Level 6.5 Evocations


You had 13 spell levels left.
You didn't know any spells.
Your spell library contained the following spells:

 Spells                   Type           Power        Failure   Level  Hunger
 Poisonous Vapours        Pois/Air       #.....       50%         2    ###....
 Conjure Flame            Conj/Fire      #.......     75%         3    ####...
 Mephitic Cloud           Conj/Pois/Air  #.......     75%         3    ####...
 Freezing Cloud           Conj/Ice/Air   #.........   100%        6    #######
 Ring of Flames           Chrm/Fire      #.........   100%        7    #######


Dungeon Overview and Level Annotations

Branches:
Dungeon (15/15)            Temple (1/1) D:4            Lair (2/6) D:9
    Orc (1/2) D:10         Vaults (0/5) D:13         Depths (0/5) D:15
  Swamp: Lair:2-4    Shoals: Lair:2-4     Snake: Lair:2-4    Spider: Lair:2-4

Altars:
Ashenzari
Cheibriados
Dithmenos
Elyvilon
Fedhas
Gozag
Hepliaklqana
Kikubaaqudgha
Makhleb
Nemelex Xobeh
Okawaru
Qazlal
Ru
Sif Muna
Trog
Uskayaw
Vehumet
Wu Jian
Xom
Yredelemnul
Zin
The Shining One

Shops:
D:4 (


Innate Abilities, Weirdness & Mutations

You cannot wear boots.
Your serpentine skin is tough. (AC +4)
You have supernaturally acute eyesight. (SInv)
Armour fits poorly on your strangely shaped body.
Your system is resistant to poisons. (rPois)
You cover ground very slowly.
You have a slow metabolism.
You can spit poison.
You can use your snake-like lower body to constrict enemies.


Message History

The orc warrior looks as sick as possible!
You constrict Urug. You block the orc warrior's attack.
You block Urug's attack.
The orc warrior hits you from afar with a +0 halberd!
You slash Urug!
You kill Urug!
You hit the orc warrior but do no damage.
The orc warrior is no longer distracted by gold.
You block the orc warrior's attack. x2
Unknown command.
You slash the orc warrior!
The orc warrior looks as sick as possible!
You grab the orc warrior.
The orc warrior is heavily wounded.
You constrict the orc warrior.
The orc warrior hits you from afar with a +0 halberd!!
* * * LOW HITPOINT WARNING * * *
The orc warrior hits you from afar with a +2 glaive of venom!!
You die...
Your body crumbles into a pile of gold.

.#..# ..
.....# #..
.....### ....
#...#.##.....
#......#..o#
#.....o..##
.. #.$$oo...#
..... ##..@#
$
.....##...(#
$ ....#.$..##
#.......##
###.....#
##.....#
##......##
.#........#
#.........###


You could see 4 orc warriors.

Vanquished Creatures
  Rupert (D:13)
  Gastronok (D:8)
  A fire giant (D:15)
  A fire giant (shapeshifter) (D:15)
  An entropy weaver (D:14)
  The ghost of Tiareth the Thaumaturge, a journeyman DEWz of Cheibriados (Orc:1)
  2 catoblepae
  A death knight (D:15)
  2 centaur warriors
  2 two-headed ogres
  2 tengu warriors (D:13)
  Urug (Orc:1)
  Sonja (D:13)
  An unseen horror (D:12)
  6 orc knights
  3 cyclopes
  10 ugly things
  3 manticores
  An orc sorcerer (Orc:1)
  A centaur zombie (D:11)
  A spiny frog (shapeshifter) (D:15)
  A gargoyle (D:11)
  A kobold demonologist (D:12)
  3 freezing wraiths (D:15)
  A redback zombie (D:12)
  An efreet (D:15)
  A yaktaur (D:14)
  4 trolls
  Prince Ribbit (D:6)
  A hornet (D:12)
  Grinder (D:6)
  2 hippogriffs
  A spriggan (D:7)
  A shadow (D:13)
  Sigmund (D:3)
  A wyvern (D:15)
  A wraith (D:15)
  3 yaks (D:13)
  Eustachio (D:5)
  A hungry ghost (D:13)
  16 humans (D:13)
  2 basilisks (D:13)
  5 vampire mosquitoes
  3 wargs (D:9)
  An acid dragon (D:14)
  A steam dragon (D:8)
  2 soldier ants
  Edmund (D:6)
  A porcupine (Lair:1)
  4 water moccasins
  3 sky beasts
  17 orc warriors
  5 ice beasts
  16 centaurs
  6 phantoms
  9 ogres
  A crocodile (Lair:2)
  A big kobold (D:11)
  A gnoll sergeant (D:12)
  11 bullfrogs
  7 earth elementals (D:13)
  4 scorpions
  A wyvern skeleton (D:12)
  A water moccasin skeleton (D:5)
  8 killer bees (D:9)
  8 wights
  4 howler monkeys
  9 crimson imps
  8 jellies
  A quasit (D:8)
  4 bullfrog zombies
  9 hounds
  18 orc priests
  11 centaur skeletons
  Crazy Yiuf (D:6)
  4 bullfrog skeletons
  14 orc wizards
  2 iguanas
  18 worker ants
  A killer bee zombie (D:7)
  A hound zombie (D:8)
  A worker ant zombie (D:9)
  A howler monkey zombie (D:10)
  5 gnolls (D:12)
  2 howler monkey skeletons
  9 adders
  4 shadow imps
  2 oozes
  An adder zombie (D:8)
  2 adder skeletons
  6 worms
  A dart slug (D:1)
  3 leopard geckos
  77 orcs
  10 ball pythons
  10 bats
  7 giant cockroaches
  8 goblins
  6 hobgoblins
  A jackal (D:2)
  3 quokkas
  4 frilled lizards
  A giant cockroach zombie (D:6)
  5 kobolds
  A leopard gecko skeleton (D:5)
  5 rats
  A fire vortex (Lair:1)
486 creatures vanquished.

Vanquished Creatures (others)
  A plant (D:9)
  5 toadstools (D:1)
6 creatures vanquished.

Grand Total: 492 creatures vanquished

Notes
Turn   | Place    | Note
-------+----------+-------------------------------------------
     0 | D:1      | MajorAdolf the Naga Wanderer began the quest for the Orb.
     0 | D:1      | MajorAdolf set off with the following items: a +2 mace, a
                  | +0 shortbow, 29 arrows, a +0 ring mail, a ration
     0 | D:1      | Reached XP level 1. HP: 19/19 MP: 1/1
    58 | D:1      | Reached skill level 2 in Stealth
   211 | D:1      | Reached skill level 3 in Stealth
   341 | D:1      | Reached XP level 2. HP: 26/26 MP: 2/2
   739 | D:2      | Reached skill level 4 in Stealth
  1144 | D:2      | Reached XP level 3. HP: 32/32 MP: 3/3
  1153 | D:2      | Reached skill level 5 in Stealth
  1271 | D:2      | Found a hide-covered altar of Uskayaw.
  1662 | D:2      | Reached XP level 4. HP: 39/39 MP: 4/4
  1669 | D:2      | Reached skill level 6 in Stealth
  1753 | D:2      | Reached skill level 7 in Stealth
  2193 | D:2      | Found a stormy altar of Qazlal.
  2394 | D:3      | Reached XP level 5. HP: 45/45 MP: 5/5
  2405 | D:3      | Noticed a phantom
  2657 | D:3      | Found a snail-covered altar of Cheibriados.
  2736 | D:4      | Noticed a centaur
  3368 | D:3      | Reached skill level 8 in Stealth
  3661 | D:4      | Reached XP level 6. HP: 38/55 MP: 6/6
  3925 | D:3      | Noticed Sigmund
  4120 | D:3      | Found a sparkling altar of Nemelex Xobeh.
  4120 | D:3      | Found a shadowy altar of Dithmenos.
  4149 | D:4      | Found Uvoerres's Antique Weapon Boutique.
  4254 | D:4      | Found a staircase to the Ecumenical Temple.
  4290 | Temple   | Entered the Ecumenical Temple
  4771 | D:5      | Entered Level 5 of the Dungeon
  4783 | D:5      | Got an ancient hand axe
  4784 | D:5      | Identified the +3 hand axe of Eternity {antimagic, MP-9
                  | Str+5} (You found it on level 5 of the Dungeon)
  4814 | D:5      | Reached XP level 7. HP: 48/66 MP: 0/7
  4963 | D:5      | Reached skill level 5 in Fighting
  5061 | D:5      | Noticed Eustachio
  5083 | D:5      | Found a glowing golden altar of the Shining One.
  5150 | D:5      | Reached skill level 1 in Axes
  5664 | D:6      | Noticed a two-headed ogre
  5683 | D:6      | Noticed Grinder
  5721 | D:6      | Killed Grinder
  5721 | D:6      | Reached skill level 9 in Stealth
  5721 | D:6      | Reached XP level 8. HP: 42/78 MP: 0/8
  5996 | D:6      | Noticed Prince Ribbit
  6015 | D:6      | Found an opulent altar of Gozag.
  6050 | D:6      | You fall through a shaft!
  6050 | D:7      | Found a shattered altar of Ashenzari.
  6451 | D:7      | Reached skill level 10 in Stealth
  6769 | D:6      | Noticed Edmund
  6882 | D:4      | Bought a faintly glowing hand axe for 224 gold pieces
  6882 | D:4      | Identified the +9 hand axe "Oreps" {venom, Str+7} (You
                  | bought it in a shop on level 4 of the Dungeon)
  6898 | D:5      | Killed Eustachio
  6898 | D:5      | Reached skill level 5 in Axes
  7039 | D:3      | Killed Sigmund
  7039 | D:3      | Reached XP level 9. HP: 71/86 MP: 9/9
  7542 | D:5      | Found a sparkling altar of Nemelex Xobeh.
  7704 | D:6      | Killed Edmund
  7704 | D:6      | Reached skill level 11 in Stealth
  7859 | D:6      | Found a radiant altar of Vehumet.
  7860 | D:6      | Found a glowing silver altar of Zin.
  7933 | D:6      | Killed a two-headed ogre
  7933 | D:6      | Reached skill level 12 in Stealth
  8185 | D:6      | Killed Prince Ribbit
  8309 | D:6      | Found a runed translucent door.
  8310 | D:6      | Noticed Crazy Yiuf
  8396 | D:6      | Killed Crazy Yiuf
  8564 | D:7      | Found a sacrificial altar of Ru.
  8661 | D:7      | Reached XP level 10. HP: 84/98 MP: 10/10
  8721 | D:7      | Got a translucent cloak
  8732 | D:7      | Identified the cursed -4 cloak of Dice, Bag, and Bottle
                  | {Str+4} (You found it on level 7 of the Dungeon)
  9426 | D:7      | Reached skill level 13 in Stealth
  9493 | D:7      | Found an iron altar of Okawaru.
  9786 | D:8      | Found a flagged portal.
  9811 | Bailey   | Entered a bailey
 10083 | Bailey   | Noticed an orc knight
 10206 | Bailey   | Killed an orc knight
 10557 | Bailey   | Got a warped shield
 10569 | Bailey   | Identified the +5 shield "Ynwot" {rN+ Slay+2 Stlth+} (You
                  | found it in a bailey)
 10791 | D:8      | Reached skill level 14 in Stealth
 10836 | D:8      | Noticed Gastronok
 10856 | D:8      | Killed Gastronok
 10856 | D:8      | Reached skill level 10 in Fighting
 10856 | D:8      | Reached XP level 11. HP: 65/109 MP: 11/11
 11023 | D:8      | Found an iron altar of Okawaru.
 11426 | D:9      | Noticed a two-headed ogre
 11469 | D:9      | Found a shattered altar of Ashenzari.
 11473 | D:9      | Saw a vision of the Shoals and the Snake Pit.
 11473 | D:9      | Noticed a sea snake
 11473 | D:9      | Noticed a naga sharpshooter
 11473 | D:9      | Noticed a sea snake
 12123 | D:9      | Found a staircase to the Lair.
 12310 | Lair:1   | Entered Level 1 of the Lair of Beasts
 12369 | Lair:2   | Reached skill level 15 in Stealth
 12416 | D:10     | Entered Level 10 of the Dungeon
 12915 | D:10     | Found a staircase to the Orcish Mines.
 13206 | D:11     | Noticed a manticore
 13215 | D:11     | Killed a manticore
 13463 | D:11     | Noticed a purple ugly thing
 13650 | D:11     | Killed a purple ugly thing
 13665 | D:11     | Reached skill level 5 in Shields
 13666 | D:11     | Reached XP level 12. HP: 117/118 MP: 12/12
 13808 | D:11     | Found a shadowy altar of Dithmenos.
 13997 | D:11     | Noticed an eight-headed hydra
 14218 | D:12     | You fall through a shaft!
 14228 | D:13     | Reached skill level 10 in Axes
 14259 | D:13     | Noticed a tengu warrior
 14260 | D:13     | Noticed a tengu warrior
 14277 | D:13     | Killed a tengu warrior
 14280 | D:13     | Killed a tengu warrior
 14280 | D:13     | Reached skill level 16 in Stealth
 14370 | D:13     | Noticed Rupert
 15105 | D:13     | Found a gate to the Vaults.
 15105 | D:13     | Noticed a centaur warrior
 15115 | D:13     | Killed a centaur warrior
 15123 | D:13     | Gained mutation: You can use your snake-like lower body to
                  | constrict enemies. [Naga growth]
 15123 | D:13     | Reached XP level 13. HP: 36/128 MP: 13/13
 15561 | D:13     | Killed Rupert
 15802 | D:13     | Reached skill level 17 in Stealth
 16360 | D:13     | Noticed Sonja
 16382 | D:13     | Killed Sonja
 16929 | D:14     | Reached skill level 1 in Evocations
 17337 | D:15     | Entered Level 15 of the Dungeon
 17376 | D:15     | Found a staircase to the Depths.
 17377 | D:15     | Noticed a fire giant
 18747 | D:15     | Noticed a fire giant
 18764 | D:15     | Killed a fire giant
 18764 | D:15     | Reached XP level 14. HP: 87/139 MP: 17/17
 19094 | D:14     | Found a bloodstained altar of Trog.
 19206 | D:14     | You fall through a shaft!
 19243 | D:15     | Got an ichor-stained chain mail
 19255 | D:15     | Identified the +1 chain mail of Narcissism {rC+} (You found
                  | it on level 15 of the Dungeon)
 19287 | D:15     | Killed a fire giant
 19287 | D:15     | Reached skill level 5 in Evocations
 20253 | D:14     | Noticed an entropy weaver
 20253 | D:14     | an eight-headed hydra changed into an entropy weaver
 20259 | D:14     | Killed an entropy weaver
 20259 | D:14     | Reached skill level 18 in Stealth
 20759 | D:6      | Became a worshipper of Gozag Ym Sagoz the Greedy
 20880 | Orc:1    | Entered Level 1 of the Orcish Mines
 21015 | Orc:1    | Found a runed translucent gate.
 21016 | Orc:1    | Found a runed translucent gate.
 21016 | Orc:1    | Found a runed translucent gate.
 21022 | Orc:1    | Noticed Tiareth's ghost (journeyman DEWz)
 21067 | Orc:1    | Killed Tiareth's ghost
 21186 | Orc:1    | Noticed Urug
 21199 | Orc:1    | Killed Urug
 21200 | Orc:1    | Slain by an orc warrior

Skill      XL: |  1  2  3  4  5  6  7  8  9 10 11 12 13 14 |
---------------+-------------------------------------------+-----
Stealth        | 3 4 5 7 8 9 10 12 14 15 16 17 18 | 18.2
Fighting       | 4 6 7 8 10 11 12 | 12.8
Axes           | 3 5 6 8 9 10 11 | 11.8
Shields        | 2 5 7 9 |  9.0
Evocations     | 4 6 |  6.5
Maces & Flails | |  1.0
Armour         | |  1.5
Necromancy     | |  2.0
Translocations | |  1.0

Action                   |  1- 3 |  4- 6 |  7- 9 | 10-12 | 13-15 || total
-------------------------+-------+-------+-------+-------+-------++-------
Melee: Hand axe          |       |    10 |   239 |   611 |   379 ||  1239
       Constrict         |       |       |       |       |    52 ||    52
 Fire: Shortbow          |    52 |   122 |       |       |       ||   174
Throw: Tomahawk          |       |       |       |     1 |       ||     1
 Abil: Spit Poison       |    28 |    48 |    20 |    33 |     2 ||   131
       Evoke Flight      |       |       |       |     1 |       ||     1
Evoke: Wand              |       |       |       |       |     2 ||     2
  Use: Scroll            |       |    10 |     2 |    13 |     4 ||    29
       Potion            |       |       |       |       |     1 ||     1
 Stab: Sleeping          |       |       |    11 |    28 |    15 ||    54
       Distracted        |       |       |       |     1 |     4 ||     5
       Petrifying        |       |       |       |       |     1 ||     1
       Petrified         |       |       |       |       |     1 ||     1
  Eat: Chunk             |     2 |    12 |    11 |    15 |     8 ||    48
       Ration            |       |       |       |     1 |     2 ||     3
Armor: Skin              |     8 |    41 |    72 |    31 |       ||   152
       Robe              |       |       |       |   156 |    74 ||   230
Dodge: Dodged            |    26 |    90 |   103 |   226 |    88 ||   533
Block: Shield            |       |       |       |   365 |   239 ||   604
